 Dungeon Crawl Stone Soup version 0.28.0-43-g3370ac3207 (webtiles) character file.

Game seed: 13423908095505030829

3106 sking99 the Zephyrmancer (level 9, 0/63 HPs)
             Began as an Octopode Air Elementalist on Mar 17, 2022.
             Was a Believer of Dithmenos.
             Slain by a killer bee (7 damage)
             ... on level 9 of the Dungeon.
             The game lasted 00:27:27 (12776 turns).

sking99 the Zephyrmancer (OpAE)                    Turns: 12776, Time: 00:27:28

Health: 0/63       AC:  1    Str:  7    XL:     9   Next: 90%
Magic:  2/15       EV: 15    Int: 22    God:    Dithmenos [**....]
Gold:   304        SH:  0    Dex: 16    Spells: 0/16 levels left

rFire   . . .      SeeInvis +   d - +6 dagger of Calamity {pain, Dex+4}
rCold   . . .      Faith    .   (no shield)
rNeg    . . .      Spirit   .   (helmet restricted)
rPois   .          Reflect  .   (no amulet)
rElec   .          Harm     .   l - ring of see invisible
rCorr   .          Rampage  .   (no ring)
Will    .....                   (no ring)
Stlth   +++++.....              (no ring)
HPRegen 0.20/turn               (no ring)
MPRegen 0.14/turn               (no ring)
                                (no ring)
                                (no ring)

@: wreathed by umbra
A: almost no armour, amphibious, 8 rings, camouflage 1, gelatinous body 1,
(nimble swimmer 1), tentacles
a: Renounce Religion, Shadow Step


You were on level 9 of the Dungeon.
You worshipped Dithmenos.
Dithmenos was pleased with you.
You visited 1 branch of the dungeon, and saw 8 of its levels.
You also visited: Sewer.

You collected 343 gold pieces.
You spent 39 gold pieces at shops.

Inventory:

Hand Weapons
 d - the +6 dagger of Calamity (weapon) {pain, Dex+4}
   (You found it on level 4 of the Dungeon)

   In the hands of one skilled in necromantic magic, it inflicts extra damage on
   living creatures.
   Dex:       It affects your dexterity (+4).
Jewellery
 c - an amulet of faith
 l - a ring of see invisible (left tentacle)
Scrolls
 a - a scroll of blinking
 f - a scroll of identify
 g - a scroll of enchant armour
 j - a scroll of magic mapping
 n - a scroll of immolation {unknown}
Potions
 b - a potion of flight
 e - a potion of mutation
 h - a potion of invisibility
 k - a potion of magic
 m - a potion of brilliance {unknown}


   Skills:
 + Level 6.8 Fighting
 + Level 4.6 Short Blades
 - Level 4.4 Dodging
 - Level 4.0 Stealth
 - Level 4.0 Spellcasting
 - Level 2.9 Conjurations
 - Level 8.5 Air Magic
 + Level 1.6 Invocations


You couldn't memorise any spells.
You knew the following spells:

 Your Spells              Type           Power      Damage    Failure   Level
a - Shock                 Conj/Air       100%       1d9       1%          1
b - Static Discharge      Conj/Air       29%        N/A       1%          2
c - Airstrike             Air            20%        N/A       3%          4
d - Iron Shot             Conj/Erth      5%         9d2       100%        6
z - Swiftness             Air            41%        N/A       1%          3

Your spell library contained the following spells:

 Spells                   Type           Power      Damage    Failure   Level
 Beastly Appendage        Tmut           8%         N/A       11%         1
 Wereblood                Tmut           4%         N/A       17%         2
 Gell's Gravitas          Tloc           4%         N/A       32%         3
 Spider Form              Tmut/Pois      4%         N/A       32%         3
 Teleport Other           Tloc           4%         N/A       32%         3
 Blade Hands              Tmut           2%         N/A       97%         5
 Dispersal                Tloc           2%         N/A       100%        6
 Animate Armour           Summ/Erth      Unusable   N/A       N/A         4

Dungeon Overview and Level Annotations

Branches:
Dungeon (7/15)             Temple (0/1) D:4           Sewer (visited)

Altars:
Cheibriados
Dithmenos
Elyvilon
Hepliaklqana
Okawaru
Uskayaw
Zin

Shops:
D:6 !

Annotations:
D:3 Duvessa


Innate Abilities, Weirdness & Mutations

You cannot wear most types of armour.
You are amphibious.
You can wear up to eight rings at the same time.
Your skin changes colour to match your surroundings (Stealth+).
Your rubbery body absorbs attacks. (AC +1, EV +1)
((You are camouflaged when in or above water. (Stealth+)))
You have tentacles for arms and can constrict up to eight enemies at once.


Message History

Casting: Shock (safe; 1% risk of failure)
Confirm with . or Enter, or press ? or * to list all spells.
Aiming: Shock (safe; 1% risk of failure)
Press: ? - help, Shift-Dir - straight line The zap hits the orc.
The orc is severely wounded.
The zap misses the orc.
You feel sick. The killer bee stings you.
You are more poisoned.
The killer bee poisons you! The killer bee closely misses you.
Casting: Shock (safe; 1% risk of failure)
Confirm with . or Enter, or press ? or * to list all spells.
Aiming: Shock (safe; 1% risk of failure)
Press: ? - help, Shift-Dir - straight line The zap hits the orc.
You kill the orc!
Dithmenos accepts your kill.
You feel sick. The killer bee barely misses you. The killer bee stings you.
Your magical contamination has completely faded away.
You feel sick. The killer bee stings you.
You feel sick. The killer bee misses you.
Casting: Shock (safe; 1% risk of failure)
Confirm with . or Enter, or press ? or * to list all spells.
Aiming: Shock (safe; 1% risk of failure)
Press: ? - help, Shift-Dir - straight line, f - killer bee
Aim: a killer bee (umbra, 48% to hit)
The zap misses the killer bee.
You feel sick. The killer bee stings you!
* * * LOW HITPOINT WARNING * * *
The killer bee misses you.
Casting: Shock (safe; 1% risk of failure)
Confirm with . or Enter, or press ? or * to list all spells.
The killer bee is struck by an arc of lightning.
The killer bee is moderately wounded.
You are struck by an arc of lightning.
* * * LOW HITPOINT WARNING * * *
The lightning grounds out.
You feel sick. The killer bee stings you!
* * * LOW HITPOINT WARNING * * *
You are more poisoned.
The killer bee poisons you! The killer bee misses you.
You feel better. The killer bee stings you!
You die...

.§....y.................
#o.≈§≈≈≈≈.≈§.............
#..≈.......≈.............
#..≈.###.#.≈......§≈≈....
#..§.#...#.≈.....≈≈≈≈≈...
#..≈.#)_.#.≈.....≈≈≈§≈...
#.§≈§#†..#§≈.....≈≈≈§≈...
#.)≈.#.###.§..####≈≈≈####
#..≈...y@§.§..# #####
#..≈≈≈≈≈§§≈≈§.#
##........§§§##
#############


You could see a killer bee.

Vanquished Creatures
  Eustachio (D:5)
  2 water moccasins
  An orc warrior (D:9)
  2 ice beasts
  A sky beast (D:5)
  3 necrophages
  2 ogres
  A phantom (D:4)
  4 bullfrogs
  3 scorpions
  Dowan (D:4)
  A water moccasin skeleton (D:4)
  8 killer bees (D:9)
  4 wights (D:7)
  3 howler monkeys
  A bullfrog zombie (D:6)
  4 jellies
  An orc priest (D:5)
  A hound (D:4)
  A bullfrog skeleton (D:7)
  A centaur skeleton (D:4)
  2 iguanas
  Natasha (thrice) (D:3)
  4 orc wizards
  4 gnolls (D:4)
  7 adders
  An ufetubus (D:5)
  3 worms
  A dart slug (D:5)
  18 orcs
  12 ball pythons
  4 bats
  18 endoplasms
  9 giant cockroaches
  11 hobgoblins
  6 jackals (D:1)
  3 kobolds
  9 quokkas
  4 frilled lizards (Sewer)
  8 goblins
  6 rats
  A spectral goblin (D:3)
180 creatures vanquished.

Notes
Turn   | Place    | Note
-------+----------+-------------------------------------------
     0 | D:1      | sking99 the Octopode Air Elementalist began the quest for
                  | the Orb.
     0 | D:1      | Reached XP level 1. HP: 11/11 MP: 3/3
   320 | D:1      | Reached XP level 2. HP: 17/17 MP: 0/5
   657 | D:1      | Learned a level 2 spell: Static Discharge
   836 | D:1      | Reached XP level 3. HP: 22/22 MP: 4/6
  2739 | D:3      | Learned a level 3 spell: Swiftness
  2749 | D:3      | Reached skill level 1 in Fighting
  2832 | D:3      | Noticed Natasha
  2836 | D:3      | Killed Natasha
  2837 | D:3      | Reached XP level 4. HP: 21/28 MP: 2/7
  2911 | D:3      | Found a shadowy altar of Dithmenos.
  3194 | D:3      | Noticed Natasha
  3204 | D:3      | Killed Natasha
  3205 | D:3      | Reached skill level 4 in Air Magic
  3205 | D:3      | Reached XP level 5. HP: 33/33 MP: 1/8
  3348 | D:3      | Found a faded altar of an unknown god.
  3356 | D:3      | Noticed Natasha
  3381 | D:3      | Killed Natasha
  3643 | D:3      | Noticed an ogre
  3685 | D:3      | Killed an ogre
  3686 | D:3      | Reached XP level 6. HP: 18/39 MP: 7/10
  3968 | D:3      | Found a hazy altar of Hepliaklqana.
  4085 | D:3      | Identified the +1 ring mail of the Thunderstorm {+Inv rF+}
  4172 | D:3      | Became a worshipper of Dithmenos the Shadowed
  4337 | D:4      | Noticed an ice beast
  4521 | D:4      | Noticed Duvessa
  4521 | D:4      | Noticed Dowan
  4828 | D:4      | Identified the +6 dagger of Calamity {pain, Dex+4}
  5141 | D:4      | Reached skill level 5 in Air Magic
  5512 | D:4      | Learned a level 4 spell: Airstrike
  5526 | D:4      | Reached XP level 7. HP: 45/45 MP: 8/11
  6136 | D:4      | Found a staircase to the Ecumenical Temple.
  6491 | D:4      | Found a white marble altar of Elyvilon.
  6491 | D:4      | Found a hide-covered altar of Uskayaw.
  6491 | D:4      | Found a glowing silver altar of Zin.
  6539 | D:4      | Killed Dowan
  6559 | D:4      | HP: 1/46 [Duvessa/+2 short sword of flaming (5)]
  7032 | D:5      | Entered Level 5 of the Dungeon
  7087 | D:5      | Reached skill level 6 in Air Magic
  7159 | D:5      | Noticed Eustachio
  7172 | D:5      | Found an iron altar of Okawaru.
  7277 | D:5      | Reached XP level 8. HP: 5/54 MP: 1/12
  7844 | D:5      | Reached skill level 7 in Air Magic
  8210 | D:5      | HP: 2/54 [iron imp[Eustachio] (2)]
  8226 | D:5      | Killed Eustachio
  8437 | D:6      | Found Nailujis's Distillery.
  8478 | D:6      | Found a glowing drain.
  8548 | Sewer    | Entered a sewer
  8874 | Sewer    | Reached * piety under Dithmenos
  9769 | Sewer    | Identified the +1 robe of Hedge Wizardry {Int+4}
  9927 | D:6      | Bought a potion of curing for 39 gold pieces
  9937 | D:6      | Reached skill level 8 in Air Magic
  9937 | D:6      | Reached XP level 9. HP: 60/60 MP: 9/14
 10010 | D:6      | Reached skill level 5 in Fighting
 10127 | D:6      | Reached ** piety under Dithmenos
 10128 | D:6      | Reached skill level 1 in Short Blades
 12005 | D:7      | You fall into a shaft and drop 2 floors!
 12339 | D:9      | Learned a level 6 spell: Iron Shot
 12508 | D:9      | Reached skill level 1 in Invocations
 12563 | D:9      | Found a snail-covered altar of Cheibriados.
 12775 | D:9      | HP: 2/63 [killer bee (8)]
 12776 | D:9      | Slain by a killer bee

Illustrated notes

Levels and vault maps discovered:
D:1:      dpeg_arrival_renting, layout_basic
D:2:      layout_basic
D:3:      layout_loops_ring, nicolae_hepliaklqana_monster_ancestors,
          mainiacjoe_overflow_tiny_flanked, chequers_ecumenical_altar_grove,
          uniq_natasha
D:4:      layout_basic, gammafunk_temple_overflow_claw,
          minmay_temple_entry_junction, nicolae_ossuary_entry_plus,
          minmay_misc_feat_tower, corexii_leaking_fountain, uniq_duvessa
D:5:      layout_rooms, mainiacjoe_overflow_cross_hatched, uniq_eustachio
D:6:      layout_gridville, cheibrodos_sewer_entry_sluice, serial_shops, shop
D:7:      layout_layer_cave, evilmike_ruin_ashenzari
D:9:      layout_big_octagon, mainiacjoe_overflow_brackets,
          grunt_decor_resistance

Skill      XL: |  1  2  3  4  5  6  7  8  9 |
---------------+----------------------------+-----
Stealth        | 3 4 |  4.0
Fighting       | 1 2 3 4 6 |  6.8
Conjurations   | 2 |  2.9
Air Magic      | 4 5 6 8 |  8.5
Spellcasting   | 3 4 |  4.0
Dodging        | 3 4 |  4.4
Short Blades   | 4 |  4.6
Invocations    | 1 |  1.6

Action                   |  1- 3 |  4- 6 |  7- 9 || total
-------------------------+-------+-------+-------++-------
Melee: Unarmed           |     4 |     6 |       ||    10
       Constrict         |     1 |     3 |    16 ||    20
       Tentacles         |       |     3 |    15 ||    18
       Punch             |       |     1 |       ||     1
       Dagger            |       |     2 |    57 ||    59
 Cast: Shock             |    88 |    72 |   108 ||   268
       Static Discharge  |     2 |    10 |    10 ||    22
       Swiftness         |       |     1 |     2 ||     3
       Airstrike         |       |       |    95 ||    95
  Use: Scroll            |       |     6 |     9 ||    15
       Potion            |       |       |     7 ||     7
 Stab: Distracted        |       |     2 |       ||     2
       Sleeping          |       |       |     3 ||     3
Armor: Skin              |     1 |     1 |    14 ||    16
Dodge: Dodged            |    20 |    29 |   132 ||   181
